Map: Acid Plant LE

Players

Dark

  • Race: Zerg Zerg
  • Spawn Location: 11:00

ShoWTimE - Winner!

  • Race: Protoss Protoss
  • Spawn Location: 5:00

Event: 2018 WCS Global Finals

VOD

Have the link to the VOD?

Description

Time

  • Played on: Oct. 27, 2018, 12:46 p.m.
  • Length: 21:55

All games in this series

Show
View Real Time Build Order
Export as new Build Order

Dark Zerg 

Build Orders: Hatch First, Lurkers 

Get SALT Encoding   

  12  0:00  Drone  
  13  0:12  Overlord  
  13  0:17  Drone  
  14  0:30  Drone x2  
  16  0:37  Drone  
  17  0:51  Hatchery  
  17  0:54  Drone  
  17  0:58  Drone  
  18  1:10  Extractor  
  17  1:13  Spawning Pool  
  17  1:16  Drone  
  17  1:19  Drone  
  18  1:28  Drone  
  19  1:39  Drone  
  20  1:49  Hatchery  
  20  1:53  Drone  
  20  2:03  Queen  
  20  2:05  Zergling x2  
  23  2:13  Drone x2  
  25  2:20  Overlord  
  25  2:32  Drone  
  25  2:36  Queen  
  26  2:39  Drone x2  
  26  2:42  Metabolic Boost  
  30  2:46  Zergling x2  
  30  2:50  Drone  
  32  2:54  Drone x2  
  34  3:01  Spore Crawler  
  34  3:09  Drone  
  34  3:10  Drone x2  
  34  3:11  Drone  
  34  3:12  Drone x3  
  40  3:15  Queen  
  42  3:22  Overlord  
  42  3:25  Overlord  
  42  3:30  Overlord  
  42  3:41  Drone  
  42  3:42  Drone x3, Evolution Chamber  
  42  3:43  Drone x2  
  42  3:46  Overlord  
  42  3:47  Drone x2  
  50  3:48  Drone  
  50  3:56  Spore Crawler  
  50  3:59  Spore Crawler  
  50  4:00  Spore Crawler  
  50  4:02  Drone  
  48  4:03  Drone x3  
  48  4:07  Queen  
  53  4:11  Overlord  
  53  4:13  Zerg Melee Weapons Level 1  
  53  4:15  Drone  
  54  4:20  Zergling x6  
  54  4:22  Drone  
  58  4:27  Baneling Nest  
  58  4:29  Overlord  
  58  4:30  Drone x2  
  59  4:32  Drone  
  59  4:33  Drone  
  59  4:38  Drone x2  
  59  4:39  Drone  
  59  4:41  Drone  
  59  4:42  Drone x2  
  59  4:44  Overlord  
  65  4:49  Queen  
  67  4:53  Extractor, Lair  
  67  4:55  Zergling x6  
  67  4:59  Zergling x6  
  72  5:02  Drone x2, Extractor  
  72  5:03  Extractor  
  72  5:06  Drone x3  
  75  5:11  Drone x2  
  77  5:17  Queen  
  77  5:18  Overlord  
  77  5:19  Drone  
  77  5:20  Drone  
  77  5:21  Drone  
  82  5:30  Overlord  
  82  5:33  Drone  
  82  5:36  Overlord  
  82  5:37  Drone x3  
  85  5:43  Extractor, Zergling x10  
  89  5:51  Hydralisk Den  
  89  5:52  Zergling x6  
  89  5:53  Overlord  
  90  6:02  Overlord  
  90  6:05  Overlord  
  90  6:07  Zergling x4  
  90  6:09  Zerg Melee Weapons Level 2  
  88  6:12  Drone x4  
  88  6:13  Drone x2  
  88  6:16  Drone  
  92  6:20  Baneling x6  
  92  6:22  Baneling x5  
  92  6:23  Baneling  
  92  6:25  Grooved Spines  
  92  6:32  Zergling x16  
  100  6:39  Overlord  
  97  6:55  Overlord  
  97  6:59  Zergling x4  
  97  7:00  Zergling x2  
  97  7:05  Drone x2  
  97  7:06  Drone x2  
  98  7:10  Hatchery  
  98  7:12  Hatchery  
  98  7:13  Hydralisk x4  
  98  7:14  Centrifical Hooks  
  102  7:15  Hydralisk  
  102  7:18  Hydralisk x2  
  102  7:19  Hydralisk x2  
  102  7:21  Hydralisk  
  113  7:24  Hydralisk  
  113  7:27  Drone x2  
  117  7:34  Overlord, Hydralisk x2  
  117  7:36  Muscular Augments  
  121  7:39  Overlord x2  
  121  7:41  Overlord x2  
  120  7:45  Extractor  
  120  7:47  Overlord  
  117  7:54  Drone x3  
  120  8:04  Hydralisk  
  120  8:05  Baneling x3, Hydralisk  
  121  8:06  Hydralisk x3  
  121  8:08  Zergling x8  
  132  8:16  Zergling x2  
  132  8:17  Zergling x2  
  132  8:19  Zergling x6  
  136  8:20  Zergling x2  
  136  8:24  Zergling x2  
  136  8:25  Zerg Missile Weapons Level 1  
  138  8:28  Zergling x8  
  138  8:33  Overseer  
  142  8:37  Zergling x6  
  143  8:41  Zergling x6  
  143  8:42  Zergling x10  
  143  8:45  Zergling x4  
  143  8:46  Zergling x4  
  143  8:48  Baneling x13  
  153  8:49  Baneling x2  
  153  8:50  Zergling x4  
  153  8:52  Zergling x2  
  154  8:56  Zergling x2  
  154  8:57  Baneling x8  
  154  8:58  Zergling x2  
  154  8:59  Zergling x2  
  157  9:03  Zergling x2  
  157  9:04  Baneling x7  
  157  9:05  Baneling x3, Zergling x2  
  157  9:08  Zergling x4  
  157  9:09  Baneling x2  
  161  9:10  Baneling  
  161  9:11  Zergling x2  
  161  9:13  Zergling x4  
  161  9:14  Zergling x2  
  161  9:15  Zergling x2  
  161  9:16  Zergling x2  
  166  9:18  Zergling x4  
  159  9:24  Zergling x6  
  159  9:26  Baneling, Zergling x2  
  159  9:27  Baneling x2, Hydralisk  
  162  9:32  Zergling x2  
  162  9:33  Hydralisk x2  
  162  9:34  Zergling x2  
  166  9:44  Overseer  
  166  9:45  Hydralisk x3  
  155  9:50  Zergling x18  
  155  9:51  Baneling  
  155  9:52  Baneling x3  
  160  9:55  Baneling x4  
  160  9:58  Drone x3  
  163  10:01  Drone x3  
  163  10:03  Drone  
  163  10:05  Drone x2  
  169  10:10  Baneling x4  
  169  10:11  Zergling x4  
  171  10:21  Overlord x2  
  171  10:22  Spore Crawler, Overlord  
  170  10:29  Hatchery  
  170  10:30  Zergling x8  
  172  10:36  Baneling x3  
  172  10:37  Baneling x3  
  172  10:38  Zergling x4  
  172  10:40  Zergling x4  
  173  10:45  Zerg Missile Weapons Level 2  
  171  10:51  Zergling x2  
  171  10:52  Zergling x12  
  171  10:54  Pneumatized Carapace  
  174  10:58  Drone x5  
  174  10:59  Zergling x6  
  174  11:01  Overlord  
  174  11:03  Zergling x2  
  183  11:06  Zergling x10  
  183  11:10  Baneling x3  
  183  11:11  Baneling x6  
  187  11:12  Zergling x2  
  187  11:13  Zergling x2  
  189  11:23  Baneling x5  
  188  11:27  Zergling x14  
  188  11:28  Zergling x6  
  188  11:30  Zergling x2  
  188  11:32  Baneling x3  
  199  11:33  Baneling x2  
  194  11:51  Overlord  
  194  11:55  Lurker Den  
  194  11:56  Overlord  
  194  11:58  Overlord  
  194  11:59  Overlord, Infestation Pit  
  191  12:05  Overlord x2  
  191  12:06  Overlord  
  191  12:08  Spore Crawler  
  190  12:20  Baneling  
  190  12:21  Baneling x8  
  190  12:26  Zergling x4  
  190  12:27  Zergling x12  
  198  12:32  Overlord  
  198  12:36  Hive  
  198  12:38  Drone, Extractor  
  198  12:40  Extractor  
  194  12:48  Zergling x2  
  194  12:51  Zergling x10  
  198  13:00  Zergling x2  
  197  13:11  Drone x2  
  197  13:12  Overlord  
  199  13:15  Drone  
  196  13:27  Baneling x3  
  196  13:30  Zerg Ground Armor Level 1  
  196  13:32  Evolution Chamber  
  196  13:33  Zergling x6  
  198  13:40  Lurker, Baneling x5  
  190  13:52  Overlord x2  
  190  13:54  Overlord  
  177  14:00  Lurker x13  
  190  14:04  Baneling x3  
  190  14:06  Overseer x2  
  190  14:07  Spire  
  190  14:09  Zergling x12  
  180  14:27  Drone x3  
  180  14:28  Extractor x2  
  181  14:33  Overseer  
  181  14:36  Adaptive Talons  
  180  14:52  Drone x4  
  187  14:53  Spore Crawler x2  
  187  14:54  Spore Crawler x2  
  180  15:00  Drone x2  
  180  15:05  Drone x2  
  183  15:08  Spore Crawler  
  183  15:09  Spore Crawler  
  181  15:18  Zerg Missile Weapons Level 3  
  181  15:21  Corruptor x9  
  181  15:24  Overseer x2  
  181  15:26  Overlord  
  198  15:46  Spore Crawler  
  198  15:47  Spore Crawler x3  
  198  15:48  Adrenal Glands, Zerg Ground Armor Level 2  
  198  15:49  Spore Crawler  
  185  15:58  Hatchery  
  184  16:11  Zerg Flyer Weapons Level 1  
  184  16:12  Spire  
  184  16:16  Corruptor  
  184  16:17  Corruptor x4  
  192  16:30  Corruptor  
  192  16:31  Corruptor x2  
  190  16:41  Corruptor x5  
  185  17:03  Corruptor  
  185  17:04  Corruptor x3  
  169  17:20  Hydralisk  
  169  17:21  Hydralisk x7  
  169  17:22  Zergling x6  
  186  17:23  Zergling x16  
  186  17:28  Hatchery  
  193  17:44  Baneling x6  
  170  18:08  Hydralisk x4  
  170  18:11  Hydralisk x2  
  174  18:21  Zergling x14  
  171  18:29  Zergling x12  
  171  18:31  Overseer  
  177  18:36  Zergling x4  
  179  18:44  Baneling x2  
  179  18:45  Baneling x2  
  179  18:59  Baneling x2  
  179  19:00  Baneling x3  
  142  19:23  Corruptor x3  
  141  19:27  Zergling x10  
  141  19:28  Zerg Flyer Weapons Level 2  
  141  19:29  Zerg Flyer Armor Level 1  
  145  19:49  Overseer  
  145  19:57  Hatchery  
  144  20:03  Viper x2  
  144  20:04  Viper  
  153  20:10  Zergling x6  
  156  20:16  Zergling x2  
  156  20:17  Zergling x4  
  153  20:26  Zergling x2  
  153  20:27  Zergling x10  
  150  20:30  Zergling x2  
  136  20:35  Zergling x2  
  136  20:36  Zergling x8  
  131  20:42  Zergling x2  
  131  20:43  Zergling x6  
  130  20:52  Drone  
  123  21:03  Baneling x3  
  85  21:30  Lurker  
  85  21:31  Zergling x6  
  85  21:32  Zergling x2  
  80  21:40  Unknown  
  80  21:41  Unknown  
Show
View Real Time Build Order
Export as new Build Order

ShoWTimE Protoss - Winner!

Build Orders: 1 Gate Expand, Oracle Opening, Phoenix Opening, Mass Phoenix 

Get SALT Encoding   

  12  0:00  Probe  
  13  0:12  Probe  
  14  0:18  Pylon  
  14  0:24  Probe  
  15  0:32  Probe  
  15  0:40  Probe  
  15  0:41  Gateway  
  16  0:47  Assimilator  
  17  0:51  Probe  
  18  1:03  Probe  
  19  1:15  Probe  
  20  1:25  Nexus  
  20  1:36  Cybernetics Core  
  20  1:38  Probe  
  21  1:45  Assimilator  
  21  1:50  Probe  
  22  1:54  Pylon  
  22  2:02  Probe  
  22  2:04  Adept  
  23  2:14  Probe  
  26  2:17  Stargate  
  26  2:24  Warp Gate  
  26  2:26  Probe  
  27  2:30  Adept  
  27  2:33  Probe  
  27  2:35  Probe  
  29  2:41  Probe  
  29  2:43  Probe  
  33  2:51  Probe  
  33  2:53  Probe  
  33  2:57  Adept  
  37  3:03  Probe  
  37  3:05  Probe  
  39  3:07  Phoenix  
  37  3:15  Probe  
  37  3:16  Gateway  
  37  3:18  Probe  
  41  3:24  Pylon  
  41  3:27  Probe  
  41  3:30  Oracle, Probe  
  46  3:36  Assimilator  
  46  3:38  Assimilator  
  46  3:40  Probe  
  46  3:42  Probe  
  48  3:48  Probe  
  48  3:49  Pylon  
  48  3:54  Probe  
  48  3:55  Stargate  
  50  3:56  Probe  
  50  4:01  Adept  
  53  4:07  Probe, Pylon  
  54  4:10  Probe  
  54  4:14  Phoenix  
  57  4:19  Probe  
  58  4:33  Adept  
  58  4:36  Phoenix  
  58  4:37  Adept  
  62  4:41  Phoenix  
  62  4:42  Pylon  
  66  4:53  Nexus  
  66  4:54  Probe x2  
  66  4:59  Phoenix  
  68  5:02  Pylon  
  68  5:06  Probe x2  
  72  5:09  Phoenix  
  72  5:12  Shield Battery  
  74  5:18  Probe x2  
  76  5:23  Shield Battery, Sentry  
  78  5:30  Probe  
  78  5:31  Probe  
  78  5:35  Phoenix x2  
  80  5:47  Robotics Facility  
  80  5:48  Robotics Facility  
  80  5:51  Zealot  
  80  5:52  Zealot  
  80  5:53  Probe  
  80  5:54  Probe  
  86  6:01  Forge  
  86  6:05  Probe  
  86  6:06  Probe  
  86  6:07  Probe  
  87  6:17  Probe  
  87  6:18  Sentry  
  90  6:22  Gateway  
  90  6:23  Probe  
  90  6:24  Probe  
  92  6:25  Gateway  
  92  6:27  Oracle  
  92  6:31  Probe  
  96  6:34  Protoss Ground Weapons Level 1  
  96  6:35  Probe, Observer  
  98  6:41  Probe  
  98  6:43  Probe  
  100  6:47  Probe  
  100  6:51  Pylon  
  100  6:53  Pylon  
  98  6:56  Adept  
  100  7:01  Probe x2  
  100  7:02  Immortal  
  100  7:03  Probe  
  93  7:09  Probe x2  
  93  7:10  Zealot  
  93  7:11  Probe  
  93  7:13  Immortal  
  102  7:17  Probe x2  
  102  7:19  Probe  
  104  7:28  Probe x2  
  107  7:30  Probe  
  107  7:35  Assimilator, Twilight Council  
  108  7:40  Assimilator, Probe  
  108  7:41  Probe  
  108  7:42  Probe  
  108  7:47  Pylon  
  108  7:49  Pylon  
  108  7:51  Pylon  
  108  7:52  Probe  
  108  7:54  Pylon  
  109  7:59  Pylon  
  109  8:00  Immortal  
  109  8:01  Immortal  
  109  8:02  Photon Cannon  
  109  8:05  Charge, Probe x3  
  116  8:08  Zealot x2  
  124  8:17  Probe  
  124  8:18  Templar Archives  
  125  8:24  Gateway  
  125  8:27  Gateway  
  125  8:29  Protoss Ground Weapons Level 2  
  125  8:33  Gateway  
  125  8:35  Immortal, Pylon  
  129  8:45  Immortal  
  133  8:51  Zealot x2  
  131  9:03  High Templar x2, Gateway  
  131  9:04  Immortal  
  131  9:08  Archon  
  135  9:11  Sentry  
  135  9:12  Shield Battery, Sentry  
  135  9:13  Shield Battery  
  143  9:19  Pylon  
  143  9:20  Immortal  
  143  9:22  Shield Battery  
  139  9:31  Shield Battery  
  139  9:32  Pylon  
  139  9:33  Immortal, Sentry  
  139  9:34  Sentry  
  139  9:35  Stalker x2  
  144  9:43  Sentry x2  
  152  9:47  Psionic Storm  
  151  9:53  Immortal  
  151  9:57  Pylon  
  151  9:59  Pylon  
  155  10:04  Gateway x2  
  155  10:12  Observer  
  155  10:15  Photon Cannon  
  155  10:17  Pylon  
  155  10:19  High Templar  
  157  10:31  High Templar  
  159  10:40  Nexus  
  159  10:41  Pylon  
  159  10:44  High Templar  
  159  10:54  High Templar, Protoss Ground Weapons Level 3  
  161  10:59  Zealot x2  
  161  11:03  Gateway  
  165  11:04  Gateway  
  165  11:06  Photon Cannon  
  165  11:07  Gateway  
  165  11:08  Photon Cannon  
  165  11:10  Gateway  
  165  11:18  Gateway  
  165  11:19  Gateway  
  165  11:21  High Templar, Pylon  
  167  11:26  Shield Battery  
  167  11:29  Shield Battery  
  167  11:33  Zealot x4  
  167  11:37  Immortal x2  
  179  11:58  Fleet Beacon  
  179  12:03  Probe x4  
  179  12:08  Protoss Air Weapons Level 1  
  181  12:12  High Templar x2  
  181  12:15  Assimilator  
  185  12:18  Zealot x6  
  185  12:19  Assimilator  
  185  12:22  Pylon  
  197  12:26  Carrier x2  
  197  12:37  Graviton Catapult  
  186  12:57  Probe x2  
  186  12:58  Probe x2  
  178  13:09  Probe x2  
  178  13:10  Probe x2  
  178  13:12  Photon Cannon  
  182  13:18  Photon Cannon  
  182  13:21  Stargate, Probe  
  182  13:22  Probe x3  
  172  13:33  Probe  
  172  13:34  Probe x3  
  172  13:38  Carrier  
  174  13:46  Probe x2  
  176  13:51  Zealot  
  176  13:52  Zealot x2  
  176  14:09  Carrier  
  182  14:15  Probe x2  
  182  14:16  Probe  
  183  14:21  Protoss Air Weapons Level 2, Probe  
  184  14:27  Probe  
  184  14:28  Probe  
  184  14:30  Carrier  
  184  14:31  Protoss Shields Level 1  
  192  14:33  High Templar x2  
  196  14:50  Pylon  
  196  14:52  Mothership  
  196  15:08  Photon Cannon  
  196  15:10  Photon Cannon  
  196  15:14  Pylon  
  200  15:23  Nexus  
  200  15:24  Pylon  
  200  15:31  Carrier, Pylon  
  199  15:50  Carrier  
  193  16:15  Photon Cannon  
  193  16:16  Photon Cannon  
  193  16:17  Photon Cannon  
  193  16:19  Photon Cannon  
  193  16:22  Photon Cannon  
  193  16:27  Zealot  
  193  16:28  Zealot x2  
  193  16:35  Protoss Shields Level 2  
  184  16:45  Photon Cannon  
  182  17:01  Carrier  
  177  17:04  Zealot x8  
  177  17:06  Zealot x3  
  178  17:28  High Templar x7  
  178  17:29  High Templar x3  
  198  17:33  Archon x2  
  198  17:34  Archon x2  
  198  17:35  Archon  
  198  17:41  Zealot  
  182  18:00  Carrier x2  
  184  18:11  High Templar x4  
  171  18:39  Nexus  
  171  18:41  High Templar x2  
  175  18:45  Archon  
  175  18:47  Pylon  
  175  18:49  Probe x3  
  175  18:50  Probe  
  179  19:04  Observer  
  180  19:12  Carrier  
  168  19:17  Archon  
  170  19:30  Zealot x4  
  178  19:39  High Templar x2  
  180  20:00  Void Ray  
  180  20:03  Zealot x5  
  186  20:08  Photon Cannon  
  186  20:14  Void Ray  
  186  20:19  Observer  
  181  20:29  Zealot x6  
  173  20:45  Zealot  
  173  20:46  Zealot x3  
  181  21:01  Void Ray  
  185  21:09  Zealot  
  185  21:10  Zealot x3  
  193  21:21  Zealot x3  
  193  21:24  Observer x2  
  173  21:32  Assimilator  
  169  21:33  Assimilator  
Tags
 
Add a new tag
Caveats
  • Supply blocks, unpowered buildings, or Contaminate may cause inaccurate times.
  • Supply counts are checked every 10 seconds.